 Dungeon Crawl Stone Soup version 0.29-a0-520-gc852659d43 (webtiles) character file.

Game seed: 4473862474915586736

4 CrazyBamboolord the Grave Robber (level 1, -8/13 HPs)
             Began as a Mummy Necromancer on May 31, 2022.
             Engulfed by a cloud of flame (21 damage)
             ... on level 1 of the Dungeon.
             The game lasted 00:00:53 (156 turns).

CrazyBamboolord the Grave Robber (Mummy Necromancer) Turns: 156, Time: 00:00:54

Health: -8/13      AC:  2    Str: 11    XL:     1   Next: 58%
Magic:  4/4        EV: 12    Int: 14    God:
Gold:   13         SH:  0    Dex: 12    Spells: 5/6 levels left

rFire   x . .      SeeInvis .   (no weapon)
rCold   + . .      Faith    .   (no shield)
rNeg    + + +      Spirit   .   a - +0 robe
rPois   ∞          Reflect  .   (no helmet)
rElec   .          Harm     .   (no cloak)
rCorr   .          Rampage  .   (no gloves)
Will    .....                   (no boots)
Stlth   ++........              (no amulet)
HPRegen 0.04/turn               (no ring)
MPRegen 0.09/turn               (no ring)

@: no status effects
A: cold resistance 1, negative energy resistance 3, torment resistance 2, heat
vulnerability 1, no potions
a: no special abilities


You were on level 1 of the Dungeon.
You visited 1 branch of the dungeon, and saw 1 of its levels.

You collected 13 gold pieces.

Inventory:

Armour
 a - a +0 robe (worn)


   Skills:
 * Level 1.5 Dodging
 + Level 1.5 Stealth
 * Level 3.0 Spellcasting
 * Level 4.1 Necromancy


You had 5 spell levels left.
You knew the following spells:

 Your Spells              Type           Power      Damage    Failure   Level
a - Necrotize             Necr           52%        1d6       4%          1

Your spell library contained the following spells:

 Spells                   Type           Power      Damage    Failure   Level
 Vampiric Draining        Necr           13%        2d6       12%         3
 Animate Dead             Necr           13%        N/A       36%         4
 Agony                    Necr           13%        N/A       73%         5


Dungeon Overview and Level Annotations

Branches:
Dungeon (1/15)

Altars:


Innate Abilities, Weirdness & Mutations

You are immune to poison.
Your flesh is cold resistant. (rC+)
You are immune to negative energy. (rN+++)
You are immune to unholy pain and torment.
You are vulnerable to heat. (rF-)
You do not drink.


Message History

A giant cockroach comes into view.
Aiming: Necrotize (safe; 4% risk of failure)
Press: ? - help, Q - select action Shift-Dir - straight line, f - bat
Aim: a bat (asleep, chance to affect: 83%)
The bat writhes in agony.
You kill the bat!
The dead are flying!
Aiming: Necrotize (safe; 4% risk of failure)
Press: ? - help, Q - select action Shift-Dir - straight line, f - giant cockroach
Aim: a giant cockroach (chance to affect: 83%)
The giant cockroach writhes in agony.
You kill the giant cockroach!
Unknown command.
A rat comes into view.
A rat is nearby!
Aiming: Necrotize (safe; 4% risk of failure)
Press: ? - help, Q - select action Shift-Dir - straight line, f - rat
Aim: a rat (asleep, chance to affect: 83%)
The rat writhes in agony.
You kill the rat!
The dead are walking!
Your Spellcasting skill increases to level 3!
You swap places.
Found 2 gold pieces.
Found 25 gold pieces.
Really walk into a travel-excluded area?
Found 21 gold pieces.
You swap places.
You swap places.
Your bat skeleton crumbles into dust!
Really walk into a travel-excluded area? [Y]es or [N]o only, please.
Really walk into a travel-excluded area?
You swap places.
You swap places.
You swap places.
A quokka comes into view.
You are engulfed in blazing flames.
Ouch! That really hurt!
You die...

##.r.#### °..$$.○°
§..$$.§ ...$. ## #...# .
#§○°# #. #§○§# ###..
#@○§# .....# ##.Z.#####
...
#....###.#......###... #
#....Z.#.#...#.......#.#
#Z...#.......##..##....#.
#... #####...##..##.##...
.... #.......#....... .#.
#.#.†...#......... #
#......###.......(


You could see a quokka (asleep) and a friendly rat skeleton.

Vanquished Creatures
  A bat (D:1)
  A giant cockroach (D:1)
  A ball python (D:1)
  A frilled lizard (D:1)
  A rat (D:1)
5 creatures vanquished.

Notes
Turn   | Place    | Note
-------+----------+-------------------------------------------
     0 | D:1      | CrazyBamboolord the Mummy Necromancer began the quest for
                  | the Orb.
     0 | D:1      | Reached XP level 1. HP: 13/13 MP: 4/4
   156 | D:1      | Engulfed by a cloud of flame

Illustrated notes

Levels and vault maps discovered:
D:1:      lightli_arrival_windingriver, layout_basic,
          shapermc_ecumenical_altar_mp_vishouse, lemuel_flame_loot_1

Skill      XL: |  1 |
---------------+----+-----
Spellcasting   | 3 |  3.0
Dodging        | |  1.5
Stealth        | |  1.5
Necromancy     | |  4.1

Action                   || total
-------------------------++-------
 Cast: Necrotize         ||     8
Armor: Robe              ||     1
Dodge: Dodged            ||     1

Table legend: (Time is in decaauts)
 A = Elapsed time spent in this place.
 B = Non-inter-level travel time spent in this place.
 C = Inter-level travel time spent in this place.
 D = Time resting spent in this place.
 E = Time spent auto-exploring this place.
 F = Levels seen in this place.
 G = Mean time per level.
                   A        B        C        D        E       F      G
               +--------+--------+--------+--------+--------+-----+--------+
         Total |    157 |    157 |      0 |     42 |     67 |   1 |  157.0 |
       Dungeon |    157 |    157 |      0 |     42 |     67 |   1 |  157.0 |
               +--------+--------+--------+--------+--------+-----+--------+

Top non-repeatable levels by time:
     D:1: 157 daAuts
